 Dungeon Crawl Stone Soup version 0.20-a0-876-g2c7b0bf (webtiles) character file.

13351 dvd the Blocker (level 11, -3/102 HPs)
             Began as a Troll Berserker on Mar 14, 2017.
             Was a High Priest of Trog.
             Slain by an unseen horror (9 damage)
             ... on level 12 of the Dungeon on Mar 15, 2017.
             The game lasted 00:33:25 (10718 turns).

dvd the Blocker (Troll Berserker)                  Turns: 10718, Time: 00:33:26

Health: -3/102     AC:  8    Str: 28    XL:     11   Next: 74%
Magic:  10/10      EV: 11    Int:  3    God:    Trog [*****.]
Gold:   660        SH: 21    Dex: 13    Spells: 10/10 levels left

rFire    + . .     SeeInvis .   a - +2 flail (protect)
rCold    . . .     Gourm    +   m - +2 robe {rF+}
rNeg     . . .     Faith    .   k - +2 large shield
rPois    .         Spirit   .   O - +1 hat {MR+}
rElec    .         Reflect  .   h - scarf {repulsion}
rCorr    .         Harm     .   (gloves unavailable)
MR       ++++.                  (boots unavailable)
Stlth    ++........             K - amulet of regeneration
Regen    2.1/turn               g - +2 ring of dexterity
MPRegen  0.2/turn               s - ring of protection from magic

@: regenerating, repel missiles
A: unfitting armour, claws 3, fast metabolism 3, gourmand, regeneration 1,
shaggy fur 1, tough skin 2
a: Berserk, Trog's Hand, Brothers in Arms, Burn Spellbooks, Renounce Religion


You were on level 12 of the Dungeon.
You worshipped Trog.
Trog was extremely pleased with you.
You were very full.

You visited 2 branches of the dungeon, and saw 13 of its levels.

You collected 660 gold pieces.

Inventory:

Hand Weapons
 a - a +2 flail of protection (weapon)
 t - a +0 flail of draining
 z - a +3 whip of venom
 B - a +0 broad axe
 H - a +7 antimagic morningstar
Missiles
 G - 5 tomahawks (quivered)
 J - 6 javelins
Armour
 h - a scarf of repulsion (worn)
 k - a +2 large shield (worn)
 m - a +2 robe of fire resistance (worn)
 x - a +0 cloak of poison resistance
 O - a +1 hat of magic resistance (worn)
Jewellery
 d - an uncursed ring of positive energy
 g - a +2 ring of dexterity (right claw)
 s - a ring of protection from magic (left claw)
 v - an uncursed ring of protection from fire
 K - an amulet of regeneration (around neck)
 P - the ring "Icyurphuc" {+Fly rF- Str-2 Int+8 Stlth+}
   (You acquired it on level 11 of the Dungeon)

   [ring of flight]

   It affects your strength (-2).
   It affects your intelligence (+8).
   It makes you vulnerable to fire.
   It lets you fly.
   It makes you more stealthy.
Wands
 y - a wand of acid (0/15)
 A - a wand of random effects (15/48)
 C - a wand of iceblast (8/15)
 E - a wand of polymorph (24/24)
 I - a wand of enslavement (18/24)
 L - a wand of disintegration (12/24)
Scrolls
 b - a scroll of remove curse
 e - 11 scrolls of identify
 f - 3 scrolls of blinking
 r - 2 scrolls of teleportation
 u - 2 scrolls of fear
 D - 2 scrolls of recharging
Potions
 i - 2 potions of flight
 l - a potion of brilliance
 n - 2 potions of lignification
 o - a potion of curing
 w - a potion of magic
Comestibles
 c - 8 bread rations
 j - 4 meat rations
 p - 11 royal jellies
 F - 6 fruits
 N - 3 chunks of flesh


   Skills:
 + Level 5.1 Fighting
 + Level 1.2(5.4) Axes
 + Level 9.3 Maces & Flails
 + Level 4.5 Throwing
 + Level 6.7 Dodging
 + Level 1.4 Stealth
 + Level 10.2 Shields


You had 10 spell levels left.
You didn't know any spells.

Dungeon Overview and Level Annotations

Branches:
Dungeon (12/15)            Temple (1/1) D:5            Lair (0/6) D:9
    Orc (0/2) D:9

Altars:
Ashenzari
Cheibriados
Dithmenos
Elyvilon
Fedhas
Gozag
Hepliaklqana
Kikubaaqudgha
Makhleb
Nemelex Xobeh
Okawaru
Qazlal
Ru
Sif Muna
Trog
Uskayaw
Vehumet
Wu Jian
Xom
Yredelemnul
Zin
The Shining One

Shops:
D:4 :   D:5 %

Annotations:
D:12 Azrael


Innate Abilities, Weirdness & Mutations

You are too large for most types of armour.
You have claws for hands.
Your metabolism is lightning-fast.
You like to eat raw meat.
Your natural rate of healing is unusually fast.
You are covered in fur. (AC +1)
You have very tough skin. (AC +2)


Message History

You swap places.
Something hits your two-headed ogre!
Your two-headed ogre dies!
Your two-headed ogre's corpse disappears in a puff of smoke!
Things that are here:
a bullfrog corpse; an adder corpse Evoke which item? (* to show all) (? for menu, Esc to quit)
Aiming: Disintegrate (will waste charges)
Press: ? - help, Shift-Dir - straight line Nothing appears to happen.
Evoking this partially-identified wand wasted a few charges.
Something hits you but does no damage. Something hits you.
* * * LOW HITPOINT WARNING * * *
Unknown command.
Evoke which item? (* to show all) (? for menu, Esc to quit)
Aiming: Disintegrate (will waste charges)
Press: ? - help, Shift-Dir - straight line Nothing appears to happen.
Evoking this partially-identified wand wasted a few charges.
Something hits you!
You die...

# # ..#. ##
...... #..#.
..##...
.......#######
......)@{....#
#.#....#####.#
#..#######.##
#...
.........##
###
######.#..#
#.≈≈......#
≈≈≈≈#....##
≈≈≈≈≈≈###..#
≈≈≈≈≈≈ #..#


There were no monsters in sight!

Vanquished Creatures
  A hydra (D:11)
  A two-headed ogre (D:9)
  An unseen horror (D:11)
  Pikel (D:4)
  A manticore (D:11)
  2 centaur skeletons (D:10)
  A troll (D:11)
  2 hornets (D:9)
  3 hippogriffs
  11 yaks (D:10)
  The ghost of dvd the Ducker, an amateur TrWr (D:3)
  A fire elemental (D:12)
  A hungry ghost (D:11)
  3 porcupines (D:9)
  A hell hound (D:12)
  5 ice beasts
  A sky beast (D:7)
  5 orc warriors
  A slave (D:4)
  5 black bears
  A necrophage (D:8)
  3 phantoms
  7 centaurs
  An ogre (D:11)
  2 crocodiles (D:9)
  A big kobold (D:8)
  8 bullfrogs
  3 scorpions
  16 killer bees
  4 howler monkeys
  4 wights (D:9)
  4 crimson imps
  3 centaur zombies
  A lava snake (D:9)
  A quasit (D:9)
  6 hounds
  2 jellies (D:11)
  4 orc priests
  A bullfrog skeleton (D:9)
  Jessica (D:2)
  4 worker ants
  2 iguanas (D:9)
  10 orc wizards
  A hound zombie (D:8)
  A hound skeleton (D:5)
  A worker ant zombie (D:6)
  A howler monkey zombie (D:6)
  A gnoll (D:1)
  14 adders
  A shadow imp (D:9)
  An ooze (D:2)
  An adder skeleton (D:5)
  2 adder zombies
  3 worms
  2 dart slugs (D:1)
  4 leopard geckos
  33 orcs
  3 giant cockroaches
  9 goblins
  9 hobgoblins
  8 jackals
  11 kobolds
  4 quokkas
  2 ball pythons (D:3)
  5 bats
  8 frilled lizards
  A quokka skeleton (D:5)
  A quokka zombie (D:9)
  7 rats
271 creatures vanquished.

Vanquished Creatures (collateral kills)
  A two-headed ogre (D:12)
  A water elemental (D:12)
  A hound (D:8)
  An orc priest (D:8)
  An orc wizard (D:8)
  An orc (D:8)
6 creatures vanquished.

Vanquished Creatures (others)
  Edmund (D:4)
  7 fungi (D:9)
  A plant (D:9)
9 creatures vanquished.

Grand Total: 286 creatures vanquished

Notes
Turn   | Place    | Note
-------+----------+-------------------------------------------
     0 | D:1      | dvd the Troll Berserker began the quest for the Orb.
     0 | D:1      | Reached XP level 1. HP: 22/22 MP: 0/0
    78 | D:1      | Found a shimmering altar of Xom.
   169 | D:1      | Reached XP level 2. HP: 24/29 MP: 1/1
   501 | D:1      | Reached XP level 3. HP: 32/36 MP: 2/2
   946 | D:2      | Reached ** piety under Trog
  1047 | D:2      | Reached XP level 4. HP: 44/44 MP: 3/3
  1134 | D:2      | Found a faded altar of an unknown god.
  1424 | D:2      | Noticed Jessica
  1433 | D:2      | Killed Jessica
  1433 | D:2      | Reached skill level 1 in Shields
  1911 | D:3      | Reached XP level 5. HP: 51/52 MP: 4/4
  1976 | D:3      | Reached skill level 2 in Shields
  2148 | D:3      | Noticed dvd's ghost (amateur TrWr)
  2158 | D:3      | Killed dvd's ghost
  2158 | D:3      | Reached XP level 6. HP: 61/61 MP: 5/5
  2175 | D:3      | Reached *** piety under Trog
  2595 | D:4      | Found an iron altar of Okawaru.
  2614 | D:4      | Noticed Edmund
  2740 | D:4      | Reached skill level 3 in Shields
  2861 | D:4      | Found Kyhuge's Book Shop.
  3045 | D:4      | Found a blossoming altar of Fedhas.
  3045 | D:4      | Noticed a slave
  3045 | D:4      | Noticed a slave
  3046 | D:4      | Noticed Pikel
  3046 | D:4      | Noticed a slave
  3048 | D:4      | Noticed a slave
  3057 | D:4      | Killed a slave
  3095 | D:4      | Killed Pikel
  3095 | D:4      | Reached skill level 5 in Maces & Flails
  3095 | D:4      | Reached skill level 4 in Shields
  3095 | D:4      | Reached XP level 7. HP: 61/67 MP: 6/6
  3104 | D:4      | Killed Edmund
  3104 | D:4      | Reached XP level 8. HP: 66/75 MP: 7/7
  3577 | D:5      | Entered Level 5 of the Dungeon
  3623 | D:5      | Reached skill level 5 in Shields
  3689 | D:5      | Found Huic's Food Shoppe.
  3759 | D:5      | Found a staircase to the Ecumenical Temple.
  3768 | Temple   | Entered the Ecumenical Temple
  3985 | D:5      | Found a glowing silver altar of Zin.
  4056 | D:5      | Found a shadowy altar of Dithmenos.
  4211 | D:5      | Found a basalt altar of Yredelemnul.
  4219 | D:5      | Found a shimmering altar of Xom.
  4416 | D:5      | Found an ornate altar of the Wu Jian Council.
  4907 | D:6      | Reached skill level 6 in Shields
  5280 | D:6      | Reached **** piety under Trog
  5456 | D:6      | Found an opulent altar of Gozag.
  5695 | D:6      | Found a deep blue altar of Sif Muna.
  5705 | D:6      | Reached skill level 1 in Stealth
  5713 | D:6      | Reached XP level 9. HP: 68/84 MP: 8/8
  6178 | D:7      | Reached skill level 5 in Dodging
  6492 | D:7      | Found a sacrificial altar of Ru.
  6492 | D:7      | Found an ancient bone altar of Kikubaaqudgha.
  6725 | D:7      | Reached skill level 7 in Shields
  6898 | D:7      | Found a hazy altar of Hepliaklqana.
  6940 | D:7      | Upgraded the game from 0.20-a0-871-g785f14b to 0.20-a0-876-g2c7b0bf
  7366 | D:8      | Reached skill level 1 in Throwing
  7457 | D:8      | Found a radiant altar of Vehumet.
  7556 | D:8      | Reached skill level 8 in Shields
  7621 | D:9      | Paralysed by a hornet for 1 turns
  7625 | D:9      | Paralysed by a hornet for 1 turns
  7630 | D:9      | Reached XP level 10. HP: 93/93 MP: 9/9
  7727 | D:9      | Found a glowing golden altar of the Shining One.
  7737 | D:9      | Found a staircase to the Orcish Mines.
  7795 | D:9      | Reached ***** piety under Trog
  8193 | D:9      | Received a gift from Trog
  8314 | D:9      | Reached skill level 9 in Shields
  8329 | D:9      | Found a staircase to the Lair.
  8453 | D:9      | Noticed a two-headed ogre
  8467 | D:9      | Killed a two-headed ogre
  8758 | D:10     | Entered Level 10 of the Dungeon
  8868 | D:10     | Reached XP level 11. HP: 64/101 MP: 3/10
  9153 | D:10     | Reached skill level 1 in Axes
  9655 | D:11     | Identified a scroll of acquirement
  9811 | D:11     | Found a blossoming altar of Fedhas.
  9938 | D:11     | Got a wavering amber ring
  9940 | D:11     | Identified the ring "Icyurphuc" {+Fly rF- Str-2 Int+8 Stlth+} (You acquired it on level 11 of the Dungeon)
 10020 | D:11     | Noticed a five-headed hydra
 10029 | D:11     | Killed a five-headed hydra
 10029 | D:11     | Reached skill level 10 in Shields
 10060 | D:11     | Reached skill level 5 in Fighting
 10182 | D:11     | Killed an unseen horror
 10642 | D:12     | Noticed Azrael
 10706 | D:12     | Noticed a two-headed ogre
 10711 | D:12     | Killed a two-headed ogre
 10712 | D:12     | HP: 3/102 [something (5)]
 10717 | D:12     | HP: 4/102 [something (4)]
 10718 | D:12     | Slain by an unseen horror

Vault maps used:
D:1:      nicolae_arrival_memento_mori, xom_teletrap_fun
D:2:      first_bread, chequers_ecumenical_altar_island,
          guppyfry_early_orc_mine, uniq_jessica
D:3:      hangedman_decor_points
D:4:      old_standard_altar, kennysheep_mini_moat, serial_shops, shop,
          uniq_pikel, uniq_edmund
D:5:      lemuel_round_altar, lemuel_crystal_altar, kennysheep_little_box,
          minitemple, temple_fountains, serial_shops, nicolae_shop_stone
D:6:      kennysheep_orc_sif_temple, kennysheep_mini
D:7:      gammafunk_temple_overflow_statue, lemuel_round_altar
D:8:      basic_altar
D:9:      due_lair_maze_entry_diamond, basic_altar, hangedman_pestilent_swarm,
          kennysheep_cluttered_room, kennysheep_generic_room_11
D:10:     serial_curves, eino_curves_04, eino_curves_03
D:11:     basic_altar, hangedman_decor_peaks_small, kennysheep_generic_room_6
D:12:     serial_shops, nicolae_shop_behind_doors, uniq_azrael, uniq_psyche
Temple:   minmay_temple_curvy_loop

Skill      XL: |  1  2  3  4  5  6  7  8  9 10 11 |
---------------+----------------------------------+-----
Maces & Flails | 3 5 6 7 8 9 |  9.3
Dodging        | 3 4 5 6 |  6.7
Shields        | 1 2 4 6 8 9 10 | 10.2
Fighting       | 3 4 5 |  5.1
Stealth        | 1 |  1.4
Throwing       | 1 3 4 |  4.5
Axes           | 1 |  1.2

Action                   |  1- 3 |  4- 6 |  7- 9 | 10-12 || total
-------------------------+-------+-------+-------+-------++-------
Melee: Mace              |   123 |    78 |       |       ||   201
       Flail             |       |   150 |   411 |   210 ||   771
       Whip              |       |       |    26 |    43 ||    69
       Morningstar       |       |       |       |   156 ||   156
       Broad axe         |       |       |       |    10 ||    10
Throw: Tomahawk          |       |       |    25 |    85 ||   110
       Javelin           |       |       |       |     3 ||     3
Invok: Berserk           |     2 |     2 |     4 |     4 ||    12
       Trog's Hand       |       |     1 |     1 |     2 ||     4
       Brothers in Arms  |       |       |       |     2 ||     2
Evoke: Wand              |       |       |       |     4 ||     4
  Use: Scroll            |       |     3 |     8 |    11 ||    22
       Potion            |       |       |     7 |     2 ||     9
 Stab: Sleeping          |     1 |     3 |     1 |     3 ||     8
  Eat: Chunk             |    16 |    20 |    49 |    35 ||   120
Armor: Animal skin       |    49 |     6 |       |       ||    55
       Robe              |       |    54 |   113 |    95 ||   262
Dodge: Dodged            |    51 |    38 |    82 |   118 ||   289
       Deflected         |       |     1 |     9 |     3 ||    13
Block: Large shield      |   108 |   217 |   435 |   453 ||  1213
